 Dungeon Crawl Stone Soup version 0.24.0-1-gfbc8707 (webtiles) character file.

Game seed: 13454449708961429310, levelgen mode: deterministic

2672 NewPlayer the Cruncher (level 9, -10/48 HPs)
             Began as a Kobold Gladiator on Nov 2, 2019.
             Was an Initiate of the Shining One.
             Mangled by Harold
             ... wielding a +0 trident
              (21 damage)
             ... on level 7 of the Dungeon.
             The game lasted 00:19:11 (8057 turns).

NewPlayer the Cruncher (Kobold Gladiator)           Turns: 8057, Time: 00:19:12

Health: -10/48     AC:  5    Str: 11    XL:     9   Next: 95%
Magic:  9/9        EV: 25    Int:  9    God:    the Shining One [......]
Gold:   306        SH:  0    Dex: 20    Spells: 8/8 levels left

rFire    . . .     SeeInvis .   a - +0 quarterstaff
rCold    . . .     Gourm    .   (shield currently unavailable)
rNeg     . . .     Faith    .   b - +0 leather armour
rPois    .         Spirit   .   (helmet restricted)
rElec    .         Reflect  .   E - +0 cloak
rCorr    +         Harm     .   (no gloves)
MR       .....                  A - +0 pair of boots {Stlth+}
Stlth    +.........             y - amulet of the acrobat
HPRegen  0.16/turn              l - +3 ring of evasion
MPRegen  0.11/turn              o - ring of resist corrosion

@: marked, glowing
A: small, horns 1, carnivore, no potion heal 1
a: Renounce Religion


You were on level 7 of the Dungeon.
You worshipped the Shining One.
The Shining One was noncommittal.
You were very full.

You visited 1 branch of the dungeon, and saw 8 of its levels.
You also visited: Sewer.

You collected 306 gold pieces.

Inventory:

Hand Weapons
 a - a +0 quarterstaff (weapon)
Missiles
 d - 3 throwing nets (quivered)
Armour
 b - a +0 leather armour (worn)
 u - a +0 pair of boots
 A - a +0 pair of boots of stealth (worn)
 E - a +0 cloak (worn)
Jewellery
 l - a +3 ring of evasion (left hand)
 o - a ring of resist corrosion (right hand)
 r - an uncursed ring of flight
 t - an uncursed ring of protection from cold
 y - an amulet of the acrobat (around neck)
 D - an uncursed ring of positive energy {unknown}
Wands
 s - a wand of acid (8)
 x - a wand of enslavement (6)
 F - a wand of flame (14)
Scrolls
 c - a scroll of immolation {unknown}
 e - 5 scrolls of amnesia {unknown}
 i - 3 scrolls of remove curse {unknown}
 j - 5 scrolls of identify
 m - 2 scrolls of enchant armour {unknown}
 n - 4 scrolls of teleportation {unknown}
 q - 2 scrolls of fear {unknown}
 z - a scroll of enchant weapon {unknown}
Potions
 g - 2 potions of brilliance
 h - 10 potions of curing
 k - 2 potions of resistance
 p - a potion of flight
 v - 2 potions of cancellation
 w - a potion of magic
 B - a potion of might
 C - a potion of heal wounds
Comestibles
 f - 12 rations


   Skills:
 - Level 2.1 Fighting
 * Level 10.0 Staves
 - Level 2.1 Throwing
 + Level 9.6 Dodging


You had 8 spell levels left.
You didn't know any spells.
Your spell library contained the following spells:

 Spells                   Type           Power        Failure   Level  Hunger
 Animate Skeleton         Necr           N/A          47%         1    ##.....
 Apportation              Tloc           #.....       47%         1    ##.....
 Confusing Touch          Hex            #.....       47%         1    ##.....
 Summon Small Mammal      Summ           #...         47%         1    ##.....


Dungeon Overview and Level Annotations

Branches:
Dungeon (8/15)              Sewer (visited)
 Temple: D:4-7         Lair: D:8-11

Altars:
Cheibriados
Dithmenos
Hepliaklqana
Nemelex Xobeh
Ru
Trog
Uskayaw
Wu Jian
Xom
The Shining One

Shops:
D:6 }

Annotations:
D:7 Harold


Innate Abilities, Weirdness & Mutations

You are small and have problems with some larger weapons.
You are carnivorous and can eat meat at any time.
You have a pair of small horns on your head.
Potions are less effective at restoring your health.


Message History

Harold is severely wounded.
A kobold comes into view. It is wielding a +0 short sword.
Harold completely misses you.
You sock Harold!
Harold is almost dead.
You hit Harold but do no damage.
Harold is almost dead.
An orc comes into view. It is wielding a +0 short sword.
Harold hits you with a +0 trident!
* * * LOW HITPOINT WARNING * * *
You barely miss Harold.
Harold is almost dead.
Harold completely misses you.
You sock Harold!
Harold is almost dead.
An orc comes into view. It is wielding a +0 whip.
You hit Harold. You headbutt Harold, but do no damage.
Harold is almost dead.
Harold hits you with a +0 trident!!
You die...

#.#####..(.)..(#
.....(#..#######
#..............#
#####.#..#####... #
#..............
###.###..######## ....#
#..# #..
###.###..##########....#
#.........(....)@@K.#
#.##.....#########oK#
#.##.##...# .o.o
#<######### #.## #.# .#
#.# # #.# #.# #.#


You could see Harold, 3 orcs and 2 kobolds.

Vanquished Creatures
  Maurice (D:8)
  2 sky beasts
  2 orc warriors
  A phantom (D:5)
  6 ogres
  6 big kobolds
  A bullfrog (D:7)
  2 scorpions
  A howler monkey (D:7)
  A crimson imp (D:6)
  A quasit (D:5)
  2 gnoll shamans
  3 orc wizards
  An iron imp (D:5)
  2 worker ants (D:4)
  A hound zombie (D:5)
  Robin (D:3)
  8 gnolls
  4 river rats
  9 adders
  A shadow imp (D:8)
  8 oozes
  7 worms
  5 dart slugs
  6 leopard geckos
  20 orcs
  6 ball pythons
  8 giant cockroaches
  18 goblins
  9 hobgoblins
  2 quokkas (D:3)
  4 bats
  3 frilled lizards
  28 kobolds
  A leopard gecko skeleton (D:6)
  9 rats
190 creatures vanquished.

Notes
Turn   | Place    | Note
-------+----------+-------------------------------------------
     0 | D:1      | NewPlayer the Kobold Gladiator began the quest for the Orb.
     0 | D:1      | Reached XP level 1. HP: 12/12 MP: 1/1
   126 | D:1      | Reached skill level 3 in Staves
   126 | D:1      | Reached XP level 2. HP: 14/17 MP: 2/2
   849 | D:1      | Reached XP level 3. HP: 21/21 MP: 3/3
  1162 | D:2      | Found an ornate altar of the Wu Jian Council.
  1684 | D:2      | Reached XP level 4. HP: 21/26 MP: 4/4
  1866 | D:3      | Reached skill level 4 in Staves
  2125 | D:3      | Found a glowing drain.
  2386 | Sewer    | Entered a sewer
  2421 | Sewer    | Reached XP level 5. HP: 30/30 MP: 5/5
  2585 | Sewer    | Noticed a big kobold
  2615 | Sewer    | Killed a big kobold
  2615 | Sewer    | Reached skill level 5 in Dodging
  2615 | Sewer    | Reached XP level 6. HP: 35/35 MP: 6/6
  2637 | Sewer    | Reached skill level 5 in Staves
  3055 | Sewer    | Reached XP level 7. HP: 40/40 MP: 7/7
  3154 | Sewer    | Reached skill level 6 in Staves
  3280 | D:3      | Found a shimmering altar of Xom.
  3328 | D:3      | Found a sacrificial altar of Ru.
  4002 | D:4      | Found a sparkling altar of Nemelex Xobeh.
  4459 | D:4      | Reached XP level 8. HP: 36/44 MP: 8/8
  4551 | D:4      | Noticed Robin
  4700 | D:3      | Killed Robin
  4924 | D:4      | Reached skill level 7 in Staves
  4934 | D:4      | Gained mutation: Potions are less effective at restoring
                  | your health. [potion of mutation]
  4934 | D:4      | Gained mutation: You have a pair of small horns on your
                  | head. [potion of mutation]
  4951 | D:5      | Entered Level 5 of the Dungeon
  5062 | D:5      | Found a snail-covered altar of Cheibriados.
  5117 | D:5      | Noticed a +0 dagger
  5117 | D:5      | Noticed a +0 hand axe
  5680 | D:5      | Found a shadowy altar of Dithmenos.
  5846 | D:5      | Reached skill level 8 in Staves
  5891 | D:5      | Reached XP level 9. HP: 15/48 MP: 9/9
  6301 | D:5      | Found a hazy altar of Hepliaklqana.
  6350 | D:5      | Found a hide-covered altar of Uskayaw.
  6700 | D:6      | You fall into a shaft and drop 2 floors!
  6703 | D:8      | Noticed Maurice
  6725 | D:8      | Killed Maurice
  6725 | D:8      | Reached skill level 9 in Staves
  6965 | D:6      | Found Gemnayd's Gadget Emporium.
  7323 | D:6      | Found a glowing golden altar of the Shining One.
  7326 | D:6      | Found a bloodstained altar of Trog.
  7345 | D:6      | Became a worshipper of the Shining One
  7960 | D:7      | Reached skill level 10 in Staves
  8033 | D:7      | Noticed Harold
  8057 | D:7      | Mangled by Harold

Levels and vault maps discovered:
D:1:      matt_arrival_diagonals, layout_rooms
D:2:      layout_basic, lemuel_crystal_altar, minivault_25, bh_walls_and_bars
D:3:      layout_basic, marbit_many_paths, lemuel_crystal_altar, first_ration,
          portal_sewer_entry_c, serial_forest, infiniplex_forest_zigzag_2,
          infiniplex_forest_straight_3, infiniplex_forest_clump_large,
          infiniplex_forest_lined_3_way, infiniplex_forest_lined_1,
          infiniplex_forest_lined_3, minmay_cut_off
D:4:      layout_gridville, kennysheep_mini, uniq_robin
D:5:      corexii_shack_village, layout_basic, dancing_weapons_uskayaw,
          slow_altar_1, grunt_dithmenos_shadows, lemuel_crystal_altar
D:6:      layout_rooms, minitemple, serial_shops, shop
D:7:      layout_loops_ring, minmay_temple_entry_offerings, grunt_livestock,
          uniq_harold, uniq_crazy_yiuf_cottage, uniq_duvessa
D:8:      layout_loops_corners, nicolae_ashenzari_panopticon,
          nicolae_qazlal_general_emergency, david_lair_shrubbed, uniq_joseph,
          uniq_maurice

Skill      XL: |  1  2  3  4  5  6  7  8  9 |
---------------+----------------------------+-----
Staves         | 3 4 5 6 8 10 | 10.0
Dodging        | 4 5 6 8 9 |  9.6
Fighting       | |  2.1
Throwing       | |  2.1

Action                   |  1- 3 |  4- 6 |  7- 9 || total
-------------------------+-------+-------+-------++-------
Melee: Quarterstaff      |    89 |   175 |   564 ||   828
       Headbutt          |       |       |    92 ||    92
  Use: Scroll            |     3 |       |     7 ||    10
       Potion            |       |     2 |     3 ||     5
 Stab: Sleeping          |       |     1 |     2 ||     3
       Distracted        |       |       |     1 ||     1
  Eat: Chunk             |    11 |     4 |    16 ||    31
Armor: Leather armour    |    22 |    27 |    57 ||   106
Dodge: Dodged            |   111 |   167 |   613 ||   891
